 Dungeon Crawl Stone Soup version 0.28.0 (webtiles) character file.

Game seed: 13236433135947528680

91 themarg the Chopper (level 4, -1/41 HPs)
             Began as a Minotaur Monk on Feb 6, 2022.
             Succumbed to a scorpion's poison
             ... on level 1 of the Dungeon.
             The game lasted 00:06:04 (1016 turns).

themarg the Chopper (Minotaur Monk)                 Turns: 1016, Time: 00:06:05

Health: -1/41      AC:  6    Str: 18    XL:     4   Next: 34%
Magic:  3/3        EV:  9    Int:  7    God:
Gold:   49         SH:  6    Dex: 12    Spells: 3/3 levels left

rFire   . . .      SeeInvis .   a - +0 hand axe
rCold   . . .      Faith    .   h - +0 kite shield
rNeg    . . .      Spirit   .   i - +0 scale mail
rPois   .          Reflect  .   (helmet restricted)
rElec   .          Harm     .   (no cloak)
rCorr   .          Rampage  .   (no gloves)
Will    .....                   (no boots)
Stlth   ..........              (no amulet)
HPRegen 0.13/turn               (no ring)
MPRegen 0.08/turn               (no ring)

@: lethally poisoned (-1 -> -9), flying
A: horns 2, retaliatory headbutt
a: no special abilities


You were on level 1 of the Dungeon.
You visited 1 branch of the dungeon, and saw 2 of its levels.

You collected 49 gold pieces.

Inventory:

Hand Weapons
 a - a +0 hand axe (weapon)
Armour
 b - a +0 robe
 h - a +0 kite shield (worn)
 i - a +0 scale mail (worn)
Jewellery
 d - a ring of fire
Scrolls
 c - a scroll of immolation {unknown}
 g - a scroll of enchant weapon
Potions
 f - a potion of flight


   Skills:
 + Level 4.4 Fighting
 + Level 4.7 Axes
 + Level 4.2 Dodging
 + Level 1.7 Stealth
 + Level 0.2 Shields


You had 3 spell levels left.
You didn't know any spells.
Your spell library was empty.

Dungeon Overview and Level Annotations

Branches:
Dungeon (2/15)

Altars:


Innate Abilities, Weirdness & Mutations

You have a pair of horns on your head.
You reflexively headbutt those who attack you in melee.


Message History

The scorpion is heavily wounded.
You feel sick.
The scorpion stings you but does no damage.
The scorpion stings you.
You feel sick.
You are no longer poisoned.
You block the scorpion's attack.
You climb upwards.
There is a stone staircase leading down here.
The scorpion stings you but does no damage.
You block the scorpion's attack. The scorpion closely misses you.
You furiously retaliate!
You headbutt the scorpion.
You see here a rat skeleton.
The scorpion stings you.
* * * LOW HITPOINT WARNING * * *
You closely miss the scorpion. You headbutt the scorpion.
The scorpion is severely wounded.
The scorpion stings you.
* * * LOW HITPOINT WARNING * * *
You are lethally poisoned!
The scorpion poisons you!
You barely miss the scorpion. You headbutt the scorpion.
You kill the scorpion!
* * * LOW HITPOINT WARNING * * *
You feel very sick.
Your Dodging skill increases to level 4!
You have reached level 4!
You feel stronger.
There is a lethal amount of poison in your body!
There is a lethal amount of poison in your body!
It was a potion of flight.
You feel very buoyant.
You fly up into the air.
* * * LOW HITPOINT WARNING * * *
You feel very sick.
As you read the scroll labelled ETHRIE VYOW, it crumbles to dust.
It is a scroll of identify.
g - a scroll of enchant weapon You die...

#.....####.....#.#..#
#....##.....⌠..#....# ###
#....#.........###..# #..
#........#......#...####.#
#......###............##.#
####.....## #..<..#......##.#
#.........###.^......##......
#÷..##......#......#.###.....
#......÷#..†@.....###........
#.......##.....⌠..# ####....#
#...###..####.....# ####.#...
##### #..############........
#......................
##....######.......####
##.#.####...........##
#.#.......#####......
#.....#.#...........#


There were no monsters in sight!

Vanquished Creatures
  A scorpion (D:1)
  A dart slug (D:1)
  A bat (D:1)
  2 endoplasms (D:1)
  A giant cockroach (D:1)
  4 goblins (D:1)
  3 hobgoblins (D:1)
  5 quokkas (D:1)
  2 ball pythons (D:1)
  4 frilled lizards (D:1)
  2 kobolds (D:1)
  4 rats (D:1)
30 creatures vanquished.

Notes
Turn   | Place    | Note
-------+----------+-------------------------------------------
     0 | D:1      | themarg the Minotaur Monk began the quest for the Orb.
     0 | D:1      | Reached XP level 1. HP: 19/19 MP: 0/0
   238 | D:1      | Reached XP level 2. HP: 25/27 MP: 1/1
   788 | D:1      | Reached XP level 3. HP: 33/33 MP: 2/2
   980 | D:2      | Noticed a scorpion
  1014 | D:1      | Killed a scorpion
  1015 | D:1      | Reached XP level 4. HP: 3/41 MP: 3/3
  1015 | D:1      | HP: 1/41 [poisoned by a scorpion]
  1016 | D:1      | Succumbed to a scorpion's poison

Illustrated notes

Levels and vault maps discovered:
D:1:      dpeg_arrival_arbitrary_c, layout_rooms, hangedman_glass_teeth
D:2:      layout_loops_corners

Skill      XL: |  1  2  3 |
---------------+----------+-----
Axes           | 4 |  4.7
Fighting       | 4 |  4.4
Dodging        | 4 |  4.2
Stealth        | |  1.7
Shields        | |  0.2

Action                   |  1- 3 |  4- 6 || total
-------------------------+-------+-------++-------
Melee: Hand axe          |    64 |       ||    64
       Punch             |     2 |       ||     2
       Headbutt          |    10 |       ||    10
  Use: Scroll            |       |     1 ||     1
       Potion            |       |     1 ||     1
 Stab: Sleeping          |     1 |       ||     1
Armor: Robe              |     3 |       ||     3
       Scale mail        |     3 |       ||     3
Dodge: Dodged            |    33 |       ||    33
Block: Kite shield       |     5 |       ||     5
